 Dungeon Crawl Stone Soup version 0.28-a0-43-g560ac104fe (webtiles) character file.

Game seed: 10389138564413232741

807 HAL9000 the Transmogrifier (level 7, -10/52 HPs)
             Began as a Pale Draconian Transmuter on July 28, 2021.
             Splashed by an acid dragon's acid (13 damage)
             ... on level 4 of the Dungeon.
             The game lasted 00:07:36 (5703 turns).

HAL9000 the Transmogrifier (DrTm)                   Turns: 5703, Time: 00:07:37

Health: -10/52     AC:  2    Str: 12    XL:     7   Next: 60%
Magic:  10/10      EV: 12    Int: 15    God:
Gold:   315        SH:  0    Dex: 12    Spells: 4/10 levels left

rFire   . . .      SeeInvis .     - Unarmed
rCold   . . .      Faith    .   (no shield)
rNeg    . . .      Spirit   .   (armour unavailable)
rPois   +          Reflect  .   (helmet currently unavailable)
rElec   .          Harm     .   (no cloak)
rCorr   .          Rampage  .   (no gloves)
Will    .....                   (boots currently unavailable)
Stlth   +.........              (no amulet)
HPRegen 0.17/turn               r - +4 ring of protection
MPRegen 0.12/turn               g - ring of poison resistance

@: appendages, corroded
A: horns 2, talons 2, breathe steam, AC +6, unfitting armour, cold-blooded,
steam resistance
a: Breathe Steam, End Transformation


You were on level 4 of the Dungeon.
You had temporarily grown beastly horns and talons.
You visited 1 branch of the dungeon, and saw 4 of its levels.

You collected 315 gold pieces.

Inventory:

Armour
 v - a +0 pair of boots (melded)
Magical Staves
 u - a staff of earth
Jewellery
 b - a ring of magical power
 g - a ring of poison resistance (right hand)
 r - a +4 ring of protection (left hand)
Wands
 o - a wand of flame (11)
Scrolls
 e - a scroll of teleportation
 f - a scroll of enchant weapon {unknown}
 h - a scroll of magic mapping
 j - a scroll of immolation {unknown}
 n - a scroll of vulnerability {unknown}
 q - a scroll of amnesia {unknown}
 t - a scroll of identify {unknown}
Potions
 a - a potion of mutation {unknown}
 c - a potion of lignification {unknown}
 d - a potion of resistance {unknown}
 i - a potion of curing
 k - a potion of heal wounds {unknown}
 l - a potion of might {unknown}
 m - 2 potions of magic {unknown}
 p - a potion of berserk rage {unknown}
 s - 2 potions of invisibility {unknown}


   Skills:
 * Level 1.1 Fighting
 - Level 1.7 Dodging
 + Level 3.0 Unarmed Combat
 - Level 2.0 Spellcasting
 - Level 8.8 Transmutations


You had 4 spell levels left.
You knew the following spells:

 Your Spells              Type           Power      Damage    Failure   Level
a - Beastly Appendage     Tmut           56%        N/A       1%          1
b - Wereblood             Tmut           28%        N/A       1%          2
c - Spider Form           Tmut/Pois      7%         N/A       11%         3

Your spell library contained the following spells:

 Spells                   Type           Power      Damage    Failure   Level
 Ice Form                 Ice/Tmut       14%        N/A       34%         4


Dungeon Overview and Level Annotations

Branches:
Dungeon (4/15)
 Temple: D:4-7

Altars:
Vehumet

Shops:
D:2 =

Annotations:
D:4 1 transporter, sidorion's ghost, amateur MfGl


Innate Abilities, Weirdness & Mutations

You have temporarily grown beastly horns and talons.
You can breathe blasts of scalding, opaque steam.
Your pale cyan-grey scales are hard. (AC +6)
You cannot fit into any form of body armour.
You are cold-blooded and may be slowed by cold attacks.
You are immune to the effects of steam.


Message History

You barely miss the acid dragon. You claw the acid dragon.
You tail-slap the acid dragon, but do no damage.
The acid dragon is lightly wounded.
The acid dragon barely misses you. The acid dragon claws you.
You hit the acid dragon.
Your tail-slap misses the acid dragon.
The acid dragon is moderately wounded.
The acid dragon bites you but does no damage.
The acid dragon claws you but does no damage.
Unknown command.
You hit the acid dragon but do no damage.
You claw the acid dragon.
You headbutt the acid dragon, but do no damage.
The acid dragon is moderately wounded.
The acid dragon bites you but does no damage.
The acid dragon claws you but does no damage.
You hit the acid dragon but do no damage.
You claw the acid dragon, but do no damage.
The acid dragon is moderately wounded.
The acid dragon bites you.
The acid dragon claws you but does no damage.
You hit the acid dragon but do no damage.
You headbutt the acid dragon!
The acid dragon is severely wounded.
The acid dragon bites you. The acid dragon closely misses you.
You barely miss the acid dragon. Your kick misses the acid dragon.
The acid dragon is severely wounded.
A hobgoblin comes into view.
The acid dragon bites you. The acid dragon misses you.
You hit the acid dragon.
The acid dragon is severely wounded.
The acid dragon bites you!
* * * LOW HITPOINT WARNING * * *
The acid dragon claws you but does no damage.
You barely miss the acid dragon.
The acid dragon is severely wounded.
The acid dragon spits acid at you. The splash of acid hits you!
* * * LOW HITPOINT WARNING * * *
The acid corrodes you!
You are splashed with acid!
You die...

.. #####...## .
#...###... .# ..
.$W#..# g.# ..#...
##). #..# ..# ##..
##.# #.. #D##.. #..
#.@#.. # #.5 .##..
#.#...##.#..5#.#©..
#.##..# . .##..##.#
#.# #.#.#...#.55#.#
#.# #.##..#....##.#
#.# #..# ..©..##..#
#.####.## #####..##
#.......###.....###
###.........##### #


You could see an acid dragon (catching breath).

Vanquished Creatures
  Grinder (D:3)
  Sigmund (D:3)
  3 orc priests
  Jessica (D:2)
  Terence (D:2)
  Natasha (thrice) (D:2)
  3 orc wizards
  Robin (D:2)
  6 adders
  A worm (D:2)
  15 orcs
  7 bats
  9 endoplasms
  2 giant cockroaches
  13 goblins
  9 hobgoblins
  3 jackals
  3 quokkas
  8 ball pythons
  3 frilled lizards (D:1)
  4 kobolds (D:1)
  6 rats
103 creatures vanquished.

Vanquished Creatures (others)
  An iguana (D:4)
  A centaur skeleton (D:4)
  2 fungi (D:1)
  4 toadstools (D:1)
8 creatures vanquished.

Grand Total: 111 creatures vanquished

Notes
Turn   | Place    | Note
-------+----------+-------------------------------------------
     0 | D:1      | HAL9000 the Draconian Transmuter began the quest for the
                  | Orb.
     0 | D:1      | Reached XP level 1. HP: 16/16 MP: 3/3
   304 | D:1      | Reached XP level 2. HP: 23/23 MP: 5/5
   560 | D:1      | Reached skill level 3 in Transmutations
   583 | D:1      | Learned a level 2 spell: Wereblood
  1023 | D:1      | Reached XP level 3. HP: 24/28 MP: 6/6
  1146 | D:1      | Learned a level 3 spell: Spider Form
  1200 | D:1      | Found a faded altar of an unknown god.
  1490 | D:2      | Noticed Natasha
  1508 | D:1      | Reached skill level 4 in Transmutations
  1608 | D:2      | Noticed Jessica
  1615 | D:2      | Killed Jessica
  1616 | D:2      | Reached XP level 4. HP: 29/35 MP: 7/7
  2186 | D:2      | Noticed Terence
  2196 | D:2      | Killed Terence
  2197 | D:2      | Reached skill level 5 in Transmutations
  2313 | D:2      | Found Ewesm's Jewellery Shoppe.
  2348 | D:2      | Reached XP level 5. HP: 40/40 MP: 8/8
  2386 | D:2      | Noticed Robin
  2397 | D:2      | Killed Robin
  2549 | D:2      | Killed Natasha
  2550 | D:2      | Reached skill level 6 in Transmutations
  3007 | D:2      | Noticed Natasha
  3022 | D:2      | Killed Natasha
  3023 | D:2      | Reached XP level 6. HP: 25/47 MP: 9/9
  3519 | D:2      | Noticed Natasha
  3532 | D:2      | Killed Natasha
  3847 | D:3      | Noticed Grinder
  4227 | D:3      | Killed Grinder
  4228 | D:3      | Reached skill level 7 in Transmutations
  4228 | D:3      | Your scales start taking on a pale cyan-grey colour.
  4228 | D:3      | Reached XP level 7. HP: 43/52 MP: 10/10
  4228 | D:3      | Gained mutation: You are immune to the effects of steam.
                  | [Pale Draconian growth]
  4659 | D:3      | Reached skill level 8 in Transmutations
  5010 | D:3      | Noticed Sigmund
  5202 | D:3      | Killed Sigmund
  5356 | D:4      | Found a radiant altar of Vehumet.
  5575 | D:4      | Found a transporter.
  5595 | D:4      | Noticed sidorion's ghost (amateur MfGl)
  5703 | D:4      | Splashed by an acid dragon's acid

Illustrated notes

Levels and vault maps discovered:
D:1:      eino_arrival_cavern_d, layout_loops_cross,
          chequers_ecumenical_altar_lobes, hangedman_decor_clover_reticule,
          minmay_gold_behind_fungi, corner_web_ring, st_stairs_7,
          minmay_surrounded
D:2:      cheibrodos_pilgrimage, layout_loops_ring, serial_shops,
          nicolae_shop_trees, uniq_natasha, uniq_terence, uniq_robin,
          uniq_jessica
D:3:      layout_basic, chequers_serial_rivers_room_a,
          minmay_fractal_squares_diagonal_5, uniq_sigmund, uniq_grinder
D:4:      layout_loops_ring, nicolae_tso_swordbearing_angel,
          fiery_altar_vehumet, cheibrodos_sewer_entry_bend,
          gammafunk_ghost_stat_death

Skill      XL: |  1  2  3  4  5  6  7 |
---------------+----------------------+-----
Transmutations | 3 4 5 6 7 8 |  8.8
Fighting       | |  1.1
Dodging        | |  1.7
Unarmed Combat | |  3.0
Spellcasting   | |  2.0

Action                   |  1- 3 |  4- 6 |  7- 9 || total
-------------------------+-------+-------+-------++-------
Melee: Unarmed           |   103 |   185 |    78 ||   366
       Kick              |    15 |    40 |     8 ||    63
       Headbutt          |    13 |    14 |     6 ||    33
       Tailslap          |    11 |    17 |     8 ||    36
       Punch             |     1 |       |       ||     1
 Cast: Beastly Appendage |    20 |    15 |     9 ||    44
       Wereblood         |     6 |     9 |     1 ||    16
       Spider Form       |       |     1 |     1 ||     2
 Abil: Breathe Steam     |       |       |     4 ||     4
  Use: Scroll            |       |       |     2 ||     2
 Stab: Distracted        |       |       |     1 ||     1
Armor: Skin              |    31 |    51 |    31 ||   113
Dodge: Dodged            |    68 |   116 |    39 ||   223

Table legend: (Time is in decaauts)
 A = Elapsed time spent in this place.
 B = Non-inter-level travel time spent in this place.
 C = Inter-level travel time spent in this place.
 D = Time resting spent in this place.
 E = Time spent auto-exploring this place.
 F = Levels seen in this place.
 G = Mean time per level.
                   A        B        C        D        E       F      G
               +--------+--------+--------+--------+--------+-----+--------+
         Total |   5703 |   4986 |    717 |   1389 |   2717 |   4 | 1425.8 |
       Dungeon |   5703 |   4986 |    717 |   1389 |   2717 |   4 | 1425.8 |
               +--------+--------+--------+--------+--------+-----+--------+

Top non-repeatable levels by time:
     D:2: 2574 daAuts
     D:1: 1770 daAuts
     D:3: 1012 daAuts
     D:4: 346 daAuts
